Map: Симулякр РВ

Players

ИИ 1 (эксперт)

  • Race: Terran Terran
  • Spawn Location: 11:00

ИИ 2 (ученик) - Winner!

  • Race: Protoss Protoss
  • Spawn Location: 5:00

VOD

Have the link to the VOD?

Description

Time

  • Played on: May 18, 2020, 7:09 p.m.
  • Length: 33:14
Show
View Real Time Build Order
Export as new Build Order

ИИ 1 (эксперт) Terran 

Build Orders:  

Get SALT Encoding   

  12  0:01  SCV  
  13  0:13  SCV  
  14  0:18  Supply Depot  
  14  0:25  SCV  
  15  0:40  SCV  
  15  0:42  Barracks  
  16  0:46  Refinery  
  16  0:52  SCV  
  17  1:03  Barracks  
  17  1:05  SCV  
  18  1:17  SCV  
  19  1:28  Marine  
  19  1:31  Orbital Command  
  20  1:42  Barracks  
  20  1:46  Marine  
  21  1:50  Marine  
  22  1:59  Supply Depot  
  22  2:01  SCV  
  22  2:06  Barracks Tech Lab  
  23  2:09  Barracks Tech Lab  
  23  2:20  SCV  
  24  2:24  Marine  
  24  2:27  Stimpack, Marine  
  24  2:29  Concussive Shells, Marine  
  27  2:37  Supply Depot  
  27  2:42  Marine  
  28  2:44  Marine  
  28  2:47  SCV, Marine  
  31  3:00  Marauder  
  31  3:03  Marauder  
  31  3:05  Marine  
  36  3:07  Supply Depot  
  36  3:19  Combat Shield  
  36  3:21  Marine  
  36  3:22  SCV  
  36  3:23  Marine  
  39  3:29  Supply Depot, Marine  
  40  3:39  Marine  
  40  3:40  Refinery  
  41  3:47  Marauder  
  42  3:49  SCV  
  43  3:57  Marauder  
  45  4:03  SCV  
  45  4:09  Marauder  
  48  4:12  Supply Depot  
  48  4:15  SCV  
  49  4:18  Marauder  
  51  4:27  SCV  
  51  4:28  Marine  
  51  4:29  Factory  
  51  4:30  Marauder  
  41  4:39  Marine  
  42  4:46  Marine  
  42  4:51  Marine  
  44  4:57  Marine  
  45  5:04  Engineering Bay, Marine  
  46  5:09  Marauder  
  48  5:15  Marine  
  48  5:18  Command Center  
  49  5:30  Marine  
  49  5:32  Terran Infantry Weapons Level 1  
  50  5:37  Marauder  
  52  5:49  Marauder  
  54  5:51  Engineering Bay  
  54  5:52  Barracks Reactor  
  54  5:58  Marine  
  55  6:08  Supply Depot  
  55  6:10  Marine  
  56  6:16  Marauder, Terran Infantry Armor Level 1  
  56  6:17  Starport  
  58  6:28  Marauder  
  58  6:29  Marine  
  61  6:33  SCV  
  61  6:36  SCV  
  63  6:45  SCV  
  64  6:48  SCV  
  64  6:53  Medivac  
  67  6:57  SCV  
  67  7:00  SCV  
  69  7:06  Marine  
  69  7:07  Marauder  
  72  7:09  SCV  
  72  7:11  Supply Depot  
  72  7:12  SCV  
  74  7:21  SCV  
  75  7:23  Medivac  
  75  7:24  Marauder  
  79  7:33  Refinery  
  79  7:34  Command Center  
  79  7:35  SCV  
  80  7:37  SCV  
  81  7:47  SCV  
  81  7:49  SCV  
  83  7:58  Missile Turret  
  83  7:59  SCV  
  83  8:02  Supply Depot, Orbital Command  
  84  8:09  Missile Turret  
  84  8:11  SCV  
  85  8:20  Armory  
  85  8:23  SCV  
  86  8:27  SCV  
  86  8:30  Marauder  
  84  8:34  Marauder  
  84  8:37  Marine  
  84  8:38  Marine  
  68  8:46  SCV  
  68  8:48  SCV  
  61  8:50  SCV  
  61  8:51  Marine  
  61  8:55  Marauder, Marine  
  56  8:57  Marine  
  56  8:58  SCV  
  58  9:04  SCV  
  58  9:05  SCV  
  58  9:08  Terran Infantry Weapons Level 2  
  58  9:09  Marauder  
  62  9:10  SCV  
  62  9:13  Marine  
  62  9:15  Marine  
  62  9:16  SCV  
  68  9:17  SCV, Marauder  
  68  9:22  SCV  
  70  9:25  Medivac  
  70  9:28  SCV  
  70  9:31  Marauder, Marine  
  76  9:34  SCV  
  76  9:36  SCV  
  76  9:38  Marine  
  79  9:39  Marine  
  79  9:40  SCV  
  81  9:46  SCV  
  81  9:47  Missile Turret  
  81  9:48  Marine  
  81  9:49  Orbital Command  
  81  9:50  Missile Turret  
  81  9:52  SCV, Marauder  
  86  9:55  Medivac, Marine  
  86  9:57  Marine  
  86  9:59  SCV  
  91  10:04  SCV, Barracks  
  91  10:06  Marine  
  92  10:11  SCV  
  92  10:13  Marauder  
  92  10:14  Marauder  
  97  10:15  Marine  
  98  10:21  Supply Depot  
  98  10:24  Marine  
  98  10:25  Medivac  
  101  10:33  Marine  
  101  10:35  Marauder x2  
  106  10:42  Marine  
  107  10:45  Supply Depot  
  107  10:48  Hellion  
  109  10:50  Marine  
  109  10:52  Refinery  
  109  10:55  Refinery, Starport Tech Lab  
  109  10:56  Marauder  
  109  10:57  Marauder  
  114  10:59  Factory  
  114  11:05  Refinery  
  114  11:10  Supply Depot, Factory Tech Lab  
  114  11:14  SCV, Medivac  
  114  11:17  Marauder  
  114  11:18  Marauder  
  121  11:19  SCV  
  121  11:22  Command Center  
  122  11:28  Infernal Pre-Igniter, Siege Tank  
  122  11:31  SCV  
  122  11:32  SCV  
  127  11:33  SCV, Supply Depot  
  127  11:39  Marauder x2  
  132  11:43  SCV, Hellion, Raven  
  137  11:47  Factory  
  137  11:50  Terran Infantry Weapons Level 3  
  137  11:56  Supply Depot  
  137  11:58  Missile Turret  
  137  12:00  Marauder, Siege Tank  
  137  12:01  Marauder  
  143  12:05  Factory Tech Lab  
  110  12:20  Missile Turret  
  110  12:21  SCV  
  110  12:22  Marauder x2  
  95  12:23  SCV, Widow Mine  
  95  12:25  SCV  
  95  12:26  Medivac  
  94  12:31  Hellion  
  94  12:32  Hellion  
  94  12:34  SCV  
  94  12:36  SCV  
  99  12:38  SCV  
  99  12:40  SCV  
  99  12:43  Marauder x2  
  105  12:44  Thor  
  105  12:46  SCV  
  105  12:48  SCV  
  105  12:50  SCV  
  114  12:52  SCV  
  114  12:53  Siege Tank, Factory Tech Lab  
  114  12:58  SCV  
  119  13:00  SCV  
  119  13:02  SCV  
  119  13:04  SCV  
  122  13:10  Missile Turret  
  122  13:11  Siege Tank  
  125  13:13  Missile Turret  
  125  13:16  Planetary Fortress  
  125  13:17  Raven  
  127  13:26  Widow Mine  
  129  13:27  Hellion  
  129  13:30  Starport  
  129  13:31  Refinery  
  129  13:32  Command Center  
  131  13:36  Terran Vehicle Weapons Level 1  
  131  13:44  Hellion  
  131  13:47  Armory, Thor  
  139  13:48  Siege Tank  
  139  13:50  Missile Turret  
  142  13:56  Refinery  
  142  14:00  Medivac  
  144  14:05  Hellion  
  144  14:08  Supply Depot  
  146  14:10  Medivac  
  146  14:15  Missile Turret  
  146  14:16  Hi-Sec Auto Tracking  
  148  14:18  Missile Turret  
  148  14:20  Thor  
  148  14:21  Marauder, Missile Turret  
  148  14:23  Marauder, Marine  
  148  14:24  Marine x2  
  150  14:26  Siege Tank  
  150  14:29  Viking  
  150  14:30  Hellion  
  149  14:35  Terran Vehicle And Ship Armor Level 1  
  142  14:40  Viking  
  142  14:41  Marine x2  
  142  14:42  Marine  
  142  14:43  Marine  
  148  14:49  Refinery  
  148  14:51  Siege Tank  
  151  14:56  Refinery  
  151  14:58  Hellion, Marine  
  151  14:59  Viking, Terran Infantry Armor Level 2  
  153  15:03  Siege Tank  
  153  15:05  Planetary Fortress  
  156  15:09  Missile Turret  
  156  15:10  Viking, Marauder  
  156  15:12  Missile Turret  
  150  15:16  Marauder  
  150  15:20  Hellion  
  140  15:25  Hellion  
  134  15:29  Viking  
  134  15:31  Marauder  
  129  15:35  Siege Tank  
  129  15:38  Marauder  
  129  15:40  Viking  
  129  15:41  Siege Tank  
  137  15:46  Siege Tank  
  140  15:53  Marauder  
  142  15:59  Viking, Marauder  
  142  16:02  Terran Vehicle Weapons Level 2  
  146  16:07  Thor  
  146  16:10  Viking  
  154  16:13  Hellion  
  154  16:14  Marauder  
  158  16:19  Widow Mine  
  158  16:21  Marauder  
  162  16:27  Supply Depot  
  162  16:29  Raven  
  162  16:30  Terran Ship Weapons Level 1  
  164  16:34  Thor  
  141  16:40  Medivac, Hellion  
  170  16:41  Marauder  
  170  16:42  SCV  
  170  16:43  Marauder  
  178  16:50  Siege Tank  
  181  17:01  Siege Tank  
  181  17:03  Marauder  
  181  17:04  Marauder  
  188  17:09  Medivac  
  188  17:12  Medivac  
  190  17:17  Thor  
  190  17:20  SCV  
  198  17:23  Widow Mine  
  198  17:24  Marauder, Marine  
  198  17:25  Marauder  
  198  17:28  Marine x2  
  182  17:30  Ghost Academy  
  182  17:33  Hellion  
  161  17:39  Viking  
  161  17:42  Raven, Marine  
  151  17:44  Hellion  
  151  17:45  Marauder, Marine  
  151  17:46  Marine  
  151  17:47  Marauder  
  130  17:55  Siege Tank  
  123  18:00  Hellion, Marine  
  123  18:01  SCV  
  123  18:03  Marine  
  123  18:04  Marine  
  123  18:05  Siege Tank  
  131  18:07  Ghost, Marauder  
  131  18:09  Viking  
  137  18:17  Marine  
  138  18:21  Marine x2  
  138  18:25  Viking  
  142  18:27  Ghost  
  142  18:32  SCV  
  144  18:35  Marine  
  144  18:37  Marauder  
  144  18:39  Viking, Marine  
  150  18:41  Marine  
  151  18:53  Marine  
  151  18:55  Viking  
  152  18:57  Marauder  
  152  18:58  Marauder  
  156  19:09  Viking  
  158  19:11  SCV  
  158  19:18  Marauder  
  158  19:19  Marauder, Command Center  
  162  19:25  Viking  
  164  19:39  Viking, Marauder  
  164  19:41  Marauder  
  170  19:55  Raven  
  170  19:56  SCV  
  170  19:58  Marine  
  170  19:59  Missile Turret  
  173  20:00  Ghost, Marine  
  173  20:01  Marine  
  173  20:02  Marauder  
  176  20:07  SCV  
  176  20:09  Medivac  
  176  20:10  SCV  
  177  20:15  Missile Turret  
  177  20:16  Marine  
  171  20:22  SCV  
  171  20:24  SCV, Marauder  
  171  20:25  SCV  
  171  20:26  SCV  
  161  20:28  Missile Turret  
  161  20:29  Marauder  
  161  20:32  SCV  
  161  20:34  SCV  
  161  20:38  Viking, SCV x2  
  161  20:39  Medivac  
  159  20:44  SCV  
  159  20:45  Marauder  
  159  20:47  SCV  
  159  20:48  Missile Turret  
  157  20:50  Ghost  
  157  20:54  SCV  
  157  20:55  SCV  
  157  20:56  SCV  
  151  20:59  SCV  
  151  21:03  Command Center  
  143  21:06  SCV, Marauder  
  143  21:07  SCV  
  143  21:08  Missile Turret  
  143  21:10  SCV, Starport Reactor  
  122  21:11  SCV  
  122  21:15  Marine  
  122  21:18  SCV, Ghost, Marine  
  108  21:19  SCV  
  108  21:21  Marine  
  108  21:24  SCV  
  108  21:25  SCV, Medivac  
  112  21:28  Marauder  
  112  21:30  SCV  
  117  21:33  Marine  
  117  21:35  Command Center  
  117  21:36  SCV x2, Marine  
  117  21:38  Orbital Command  
  117  21:39  Marine  
  122  21:41  Missile Turret  
  122  21:42  SCV  
  122  21:44  Missile Turret  
  122  21:46  Medivac  
  125  21:47  Viking  
  125  21:48  Terran Infantry Armor Level 3, Marauder, Neosteel Armor  
  125  21:49  Marauder  
  125  21:51  Marine  
  125  21:54  Marine  
  132  21:56  Missile Turret, Starport Tech Lab  
  132  21:57  Marine  
  134  22:04  Barracks  
  134  22:09  Marine x2  
  134  22:10  Marauder  
  134  22:12  Marine  
  134  22:14  Marine  
  134  22:15  Raven  
  140  22:16  Medivac  
  140  22:17  Viking  
  109  22:27  Marauder, Marine, Personal Cloaking  
  109  22:29  Marine  
  112  22:32  Orbital Command, Marauder, Marine  
  116  22:45  Marine  
  116  22:46  Medivac  
  116  22:47  Viking, Marine  
  116  22:48  Marauder  
  116  22:51  Marine  
  125  22:52  Barracks Tech Lab  
  125  22:53  Marauder  
  125  22:58  Raven  
  129  22:59  Planetary Fortress  
  129  23:03  Marine  
  130  23:09  Ghost, Marine  
  130  23:10  Ghost, Marine  
  136  23:15  Marauder  
  136  23:16  Viking  
  136  23:17  Liberator  
  143  23:20  Marine  
  143  23:27  Marine  
  143  23:28  SCV  
  143  23:30  Missile Turret  
  131  23:35  Ghost  
  131  23:38  Marauder  
  131  23:39  Marauder  
  131  23:41  SCV, Medivac  
  135  23:46  Viking  
  129  23:48  SCV  
  129  23:52  SCV  
  120  24:00  Ghost, Marauder  
  120  24:02  SCV  
  101  24:23  Command Center  
  101  24:25  SCV  
  101  24:27  SCV  
  101  24:29  SCV  
  102  24:32  SCV  
  102  24:33  Command Center  
  102  24:37  SCV  
  103  24:55  SCV  
  103  24:56  SCV  
  103  24:59  SCV  
  106  25:02  SCV  
  106  25:04  Marine  
  107  25:07  SCV  
  107  25:09  SCV, Command Center, Marine  
  107  25:11  SCV  
  111  25:14  Marine  
  111  25:16  Marine  
  111  25:18  Marine  
  111  25:19  SCV  
  111  25:21  SCV x2  
  116  25:24  SCV  
  116  25:27  Marine  
  119  25:31  SCV  
  119  25:33  SCV x2  
  121  25:36  SCV  
  121  25:41  Marauder  
  122  25:43  SCV, Marauder  
  122  25:45  SCV  
  122  25:47  SCV  
  126  25:50  Raven  
  126  25:56  SCV  
  129  25:58  SCV  
  111  26:32  Command Center  
  60  27:32  SCV  
  60  27:34  Command Center  
  61  27:42  SCV  
  53  29:02  SCV  
  52  29:04  Marine  
  52  29:06  Command Center  
  52  29:09  Marine  
  43  29:13  Marine  
  45  29:18  Marine  
  45  29:20  Marine  
  47  29:26  Marine  
  47  29:28  Marine  
  49  29:33  Marine  
  49  29:37  SCV  
  51  29:41  SCV  
  51  29:45  SCV  
  53  29:49  SCV  
  54  29:53  SCV  
  54  29:57  SCV  
  56  30:00  Marine  
  56  30:04  Marine  
  57  30:15  SCV  
  52  30:22  Marine x3  
  52  30:25  Marine  
  46  30:32  Marine  
  18  31:11  Command Center  
  18  31:17  Marine  
  20  31:21  SCV  
  20  31:24  SCV  
  19  31:33  SCV  
  19  31:39  SCV  
  20  31:42  Starport  
  20  31:46  Barracks  
  19  32:26  SCV  
  19  32:29  Starport Tech Lab  
  20  32:31  Supply Depot  
  20  32:34  Marine  
  21  32:45  Command Center  
  23  32:52  Barracks Tech Lab  
Show
View Real Time Build Order
Export as new Build Order

ИИ 2 (ученик) Protoss - Winner!

Build Orders:  

Get SALT Encoding   

  12  0:01  Probe  
  13  0:13  Probe  
  14  0:19  Pylon  
  14  0:25  Probe  
  15  0:33  Probe  
  15  0:42  Probe  
  16  0:46  Gateway  
  17  0:52  Probe  
  18  0:57  Gateway  
  18  1:02  Probe  
  18  1:06  Pylon  
  19  1:19  Gateway  
  19  1:26  Probe  
  20  1:33  Zealot  
  20  1:38  Assimilator  
  22  1:42  Zealot  
  24  1:53  Probe  
  25  1:54  Cybernetics Core  
  25  2:00  Zealot x2  
  27  2:03  Pylon  
  27  2:09  Probe  
  30  2:21  Zealot, Warp Gate  
  30  2:22  Probe  
  33  2:28  Zealot  
  35  2:37  Probe, Pylon  
  36  2:42  Zealot  
  38  2:48  Assimilator  
  38  2:50  Probe  
  39  2:57  Stalker  
  41  3:03  Probe  
  42  3:11  Forge  
  42  3:15  Probe  
  43  3:20  Stalker  
  45  3:27  Stalker  
  47  3:34  Probe  
  46  4:20  Zealot  
  47  4:26  Probe  
  47  4:27  Zealot  
  42  4:31  Zealot  
  42  4:36  Zealot  
  44  4:47  Zealot  
  44  4:49  Protoss Ground Weapons Level 1  
  46  5:01  Pylon  
  46  5:03  Gateway  
  46  5:06  Robotics Facility  
  46  5:08  Twilight Council, Nexus  
  46  5:12  Forge  
  46  5:23  Sentry  
  46  5:26  Probe  
  49  5:33  Pylon  
  49  5:34  Protoss Ground Armor Level 1  
  49  5:36  Charge  
  49  5:38  Probe  
  50  5:50  Probe, Photon Cannon  
  50  5:55  Observer  
  52  5:59  Gateway  
  52  6:02  Probe  
  53  6:07  Zealot  
  55  6:12  Zealot  
  55  6:14  Probe  
  58  6:19  Pylon  
  58  6:21  Probe  
  59  6:26  Probe  
  59  6:32  Zealot  
  62  6:33  Probe  
  62  6:38  Probe, Zealot  
  66  6:45  Probe  
  66  6:46  Zealot  
  68  6:51  Probe, Zealot  
  71  6:57  Probe  
  72  7:03  Probe  
  72  7:08  Immortal  
  77  7:09  Probe  
  77  7:15  Probe, Pylon  
  79  7:20  Stalker  
  79  7:21  Probe  
  82  7:26  Stalker  
  82  7:27  Probe  
  85  7:31  Blink  
  85  7:33  Probe, Stalker  
  88  7:41  Pylon  
  88  7:43  Probe  
  89  7:46  Probe  
  89  7:49  Sentry  
  92  7:53  Sentry  
  92  7:55  Probe  
  94  7:59  Probe  
  94  8:02  Shield Battery  
  94  8:04  Templar Archives  
  95  8:08  Probe, Pylon  
  95  8:11  Probe  
  97  8:15  Assimilator  
  97  8:17  Assimilator  
  97  8:27  Pylon  
  97  8:29  Zealot  
  89  8:35  Nexus  
  89  8:40  Zealot  
  77  8:44  Zealot  
  69  8:49  Zealot  
  69  8:53  Zealot  
  71  8:57  Zealot  
  71  9:02  Zealot  
  75  9:06  Zealot  
  77  9:10  Zealot  
  77  9:15  Zealot  
  81  9:19  Zealot  
  81  9:23  Zealot  
  85  9:27  Zealot  
  87  9:32  Stalker  
  87  9:36  Stalker  
  91  9:39  High Templar  
  91  9:44  High Templar  
  95  9:47  Stalker  
  95  9:51  Stalker, Stargate  
  99  9:59  Nexus  
  99  10:06  Archon  
  99  10:07  High Templar x2  
  103  10:16  Stalker  
  103  10:19  Stalker  
  107  10:30  Archon, Assimilator, High Templar  
  107  10:33  Assimilator  
  109  10:39  Fleet Beacon  
  109  10:42  High Templar  
  111  10:47  Gateway  
  110  10:59  Archon  
  110  11:00  High Templar  
  112  11:08  High Templar  
  114  11:18  Assimilator  
  114  11:19  Nexus  
  114  11:21  Assimilator  
  114  11:22  Mothership  
  114  11:26  Archon  
  122  11:40  Gateway  
  122  11:41  Protoss Ground Weapons Level 2  
  122  11:43  Probe  
  122  11:45  Probe, Robotics Facility  
  124  11:55  Archon  
  124  11:59  Stalker  
  126  12:02  Stalker  
  126  12:04  Stalker  
  126  12:07  Stalker  
  128  12:09  Stalker  
  128  12:12  Stalker  
  108  12:22  Stalker  
  96  12:23  Stalker  
  96  12:25  Zealot  
  88  12:30  Zealot  
  88  12:32  Zealot  
  88  12:33  Zealot x2  
  86  12:40  Zealot  
  88  12:44  Stalker  
  88  12:45  Zealot  
  88  12:47  Stalker  
  88  12:50  Stalker  
  96  12:54  Stalker  
  96  12:56  Immortal  
  102  13:12  Immortal  
  105  13:39  Nexus  
  105  13:54  Probe  
  105  13:56  Tempest  
  105  13:57  Probe x2  
  105  13:58  Probe  
  105  14:00  Probe  
  115  14:07  Probe  
  115  14:09  Probe  
  116  14:10  Probe  
  116  14:13  Probe  
  117  14:18  Zealot  
  117  14:23  Zealot  
  107  14:28  Zealot  
  98  14:32  Zealot  
  98  14:36  Zealot  
  85  14:40  Zealot  
  85  14:44  Zealot  
  88  14:48  Stalker  
  88  14:51  Stalker  
  88  14:52  Stalker x2  
  96  14:55  Stalker  
  96  14:58  Zealot  
  90  15:02  Zealot  
  90  15:05  Zealot  
  94  15:07  High Templar  
  94  15:13  High Templar  
  94  15:14  Zealot  
  94  15:15  Zealot  
  94  15:18  Zealot  
  94  15:22  Zealot  
  94  15:27  Stalker  
  96  15:35  Zealot  
  96  15:36  Stalker  
  96  15:37  Stalker  
  96  15:40  Stalker  
  96  15:42  Stalker  
  104  15:46  Stalker  
  104  15:47  Archon  
  106  15:50  High Templar  
  106  15:51  High Templar  
  106  15:56  Stalker  
  112  15:57  Sentry  
  114  16:05  Immortal  
  114  16:09  Archon, High Templar x2  
  122  16:16  Immortal  
  126  16:23  Probe  
  126  16:24  Probe  
  126  16:27  Probe  
  126  16:29  Probe  
  126  16:31  Probe  
  130  16:33  Probe x2  
  130  16:36  Probe  
  134  16:40  Probe, Immortal  
  134  16:41  Probe  
  134  16:42  Archon, High Templar  
  134  16:44  High Templar  
  140  17:28  Protoss Ground Armor Level 2  
  140  17:33  Zealot  
  140  17:35  Zealot  
  138  17:38  Zealot  
  138  17:40  Protoss Shields Level 1, Nexus  
  138  17:41  Zealot  
  138  17:43  Zealot  
  126  17:45  High Templar  
  126  17:47  High Templar  
  126  17:49  Zealot  
  126  17:57  Zealot  
  128  17:59  Zealot  
  128  18:02  Stalker  
  128  18:04  Protoss Air Weapons Level 1  
  128  18:05  Stalker  
  134  18:09  Stalker  
  135  18:13  Stalker  
  135  18:15  Archon  
  135  18:17  Stalker, High Templar  
  141  18:20  High Templar  
  143  18:43  Psionic Storm  
  143  18:45  Archon, High Templar  
  143  18:46  High Templar  
  147  18:52  Pylon  
  147  18:56  Observer  
  147  19:02  Observer  
  149  19:05  Zealot  
  149  19:06  Zealot  
  153  19:10  Archon, High Templar x2  
  153  19:12  Robotics Bay, Nexus  
  153  19:16  Gateway  
  157  19:28  Zealot  
  157  19:29  Zealot  
  161  19:32  Zealot  
  161  19:34  Zealot  
  161  19:38  Archon, High Templar  
  167  19:41  Zealot  
  167  19:42  Pylon  
  167  19:43  High Templar  
  171  19:47  Assimilator  
  171  19:48  Zealot  
  171  19:50  Assimilator  
  173  19:56  Assimilator  
  173  19:58  Assimilator  
  173  19:59  Assimilator  
  173  20:01  Robotics Facility  
  173  20:04  Pylon  
  173  20:06  Stalker  
  175  20:07  Stargate  
  175  20:10  Stalker  
  175  20:12  Gravitic Boosters  
  175  20:13  Protoss Ground Weapons Level 3  
  177  20:15  Stalker  
  177  20:19  Stalker, Archon, High Templar  
  177  20:20  High Templar  
  177  20:21  Probe, Assimilator  
  181  20:22  Probe x2, Protoss Shields Level 2  
  181  20:23  Probe  
  181  20:28  Protoss Air Armor Level 1  
  181  20:35  Probe  
  182  20:43  Nexus  
  182  20:44  Probe x2  
  182  20:45  Probe, Stalker  
  182  20:47  Stalker  
  182  20:49  Stalker  
  191  20:52  Archon  
  191  20:53  High Templar x2  
  195  20:58  Zealot  
  195  20:59  Robotics Facility  
  195  21:00  Zealot  
  195  21:04  Zealot  
  182  21:06  Zealot  
  152  21:12  Zealot  
  152  21:13  Zealot  
  152  21:14  Immortal  
  134  21:20  Stalker  
  134  21:23  Stalker  
  134  21:24  Sentry  
  134  21:25  Stalker  
  122  21:27  Archon  
  122  21:28  High Templar x2  
  126  21:35  Immortal  
  126  21:39  Archon  
  129  21:40  High Templar x2  
  129  21:41  Mothership  
  129  21:43  Immortal  
  133  21:52  Archon, Gravitic Drive, High Templar x2  
  133  21:53  Stargate  
  149  21:55  Probe  
  149  21:58  Probe x3  
  149  21:59  Probe  
  155  22:03  Probe  
  156  22:10  Nexus  
  147  22:24  Archon, High Templar x2  
  147  22:26  Zealot x2  
  147  22:27  Stalker  
  147  22:28  Stalker  
  147  22:29  Probe  
  160  22:30  Probe  
  160  22:35  Nexus  
  160  22:36  Protoss Ground Armor Level 3  
  161  22:45  Observer  
  161  22:47  Zealot  
  161  22:49  Observer  
  161  22:50  Zealot  
  166  22:52  Zealot  
  166  22:53  Archon, High Templar  
  166  22:54  High Templar  
  166  22:55  Protoss Air Weapons Level 2  
  172  23:06  Zealot  
  172  23:08  Zealot  
  172  23:11  Zealot  
  172  23:12  Zealot  
  180  23:14  Protoss Shields Level 3  
  180  23:15  Zealot  
  180  23:17  Stalker  
  184  23:20  Stalker  
  184  23:23  Probe x2  
  184  23:25  Stalker  
  184  23:26  Observer  
  190  23:29  Stalker  
  190  23:32  Stalker  
  194  23:35  Stalker  
  194  23:38  Stalker  
  194  23:41  Zealot  
  198  23:43  Stalker  
  200  23:58  Zealot x2  
  200  24:00  Zealot x2  
  200  24:01  Stalker  
  200  24:03  Stalker, Zealot  
  200  24:06  Stalker  
  166  24:11  Immortal  
  166  24:12  Stalker  
  166  24:15  Immortal  
  150  24:17  Observer, High Templar  
  150  24:18  High Templar  
  150  24:28  Immortal  
  154  24:38  Colossus  
  160  24:39  Tempest  
  160  24:41  Zealot  
  160  24:43  Zealot  
  169  24:45  Zealot  
  169  24:47  Archon, High Templar x2  
  169  24:50  Zealot  
  169  24:52  Zealot  
  179  24:54  Stalker  
  179  24:58  Protoss Air Armor Level 2, Stalker  
  183  25:00  Archon  
  183  25:03  Stalker  
  183  25:05  Stalker  
  187  25:10  Stalker  
  187  25:12  Stalker  
  191  25:15  Stalker  
  191  25:17  High Templar  
  191  25:18  Stalker  
  191  25:19  High Templar  
  199  25:50  Assimilator  
  199  26:02  Assimilator  
  199  26:04  Assimilator  
  199  26:07  Photon Cannon  
  199  26:13  Assimilator  
  199  26:17  Photon Cannon  
  199  26:33  Zealot  
  199  26:35  Probe, Zealot  
  199  26:37  Probe  
  199  26:38  Mothership, Zealot  
  199  26:39  Stalker x2, Zealot  
  191  26:40  Stalker, Zealot  
  191  26:43  Immortal  
  167  26:48  Observer  
  167  26:52  Immortal  
  167  26:54  Zealot  
  163  26:55  Stalker, Observer  
  163  26:58  Stalker  
  163  26:59  Tempest, Stalker  
  163  27:00  Zealot  
  151  27:02  Stalker, Zealot  
  151  27:03  Stalker  
  151  27:14  Zealot  
  153  27:15  Stalker  
  153  27:18  Immortal, Stalker  
  153  27:20  Stalker  
  153  27:21  Stalker  
  153  27:22  Immortal, Stalker  
  167  27:23  Zealot  
  167  27:25  Stalker  
  175  27:34  Zealot x2  
  175  27:35  Zealot  
  181  27:37  Stalker  
  181  27:40  Stalker, Zealot  
  181  27:42  Stalker  
  189  27:45  Stalker  
  189  27:48  Zealot  
  193  27:52  Protoss Air Weapons Level 3, Adept  
  193  27:55  Stalker  
  193  27:58  High Templar  
  199  28:25  Observer  
  199  28:26  Adept, High Templar  
  196  28:27  Adept  
  196  28:28  Adept x3  
  196  28:29  Adept  
  196  28:31  Adept, Observer  
  187  28:39  Archon  
  175  28:44  Adept x2  
  175  28:45  Adept  
  175  28:47  Adept, High Templar  
  175  28:48  Adept  
  187  28:51  Adept  
  189  28:58  Stalker  
  189  28:59  Adept x2, High Templar  
  191  29:07  Stalker  
  191  29:08  Stalker  
  191  29:09  Adept  
  179  29:11  Archon  
  179  29:16  Stalker  
  175  29:19  Stalker x2  
  175  29:20  Resonating Glaives  
  175  29:21  Zealot  
  175  29:22  Stalker  
  182  29:29  High Templar  
  182  29:30  Stalker  
  182  29:31  Zealot  
  188  29:32  High Templar  
  188  29:37  Stalker  
  192  29:41  Stalker, Adept  
  192  29:45  Zealot  
  198  29:51  Stalker  
  200  29:59  Protoss Air Armor Level 3  
  200  30:38  Zealot  
  200  30:41  Zealot  
  200  31:45  Photon Cannon  
  200  31:50  Photon Cannon  
  200  31:56  Photon Cannon  
  200  31:57  Photon Cannon  
  200  32:00  Pylon  
  200  32:02  Pylon  
  200  32:04  Pylon  
  200  32:06  Pylon  
  200  32:08  Pylon  
  200  32:21  Photon Cannon  
  200  32:26  Photon Cannon  
  200  32:31  Photon Cannon  
  200  32:34  Photon Cannon  
  200  32:37  Photon Cannon  
  200  32:40  Photon Cannon  
  200  32:42  Photon Cannon  
  200  32:44  Photon Cannon  
  200  32:46  Photon Cannon  
  200  32:52  Pylon  
  200  32:54  Photon Cannon  
  200  32:56  Pylon  
  200  32:58  Pylon  
  200  33:01  Pylon  
  200  33:03  Pylon  
Tags
 
Add a new tag
Caveats
  • Supply blocks, unpowered buildings, or Contaminate may cause inaccurate times.
  • Supply counts are checked every 10 seconds.